 Dungeon Crawl Stone Soup version 0.31-a0-236-g9a0961fb85 (webtiles) character file.

Game seed: 15186193510637166060

144 qw the Shooter (level 5, -7/42 HPs)
             Began as a Minotaur Hexslinger on July 10, 2023.
             Killed by divine providence
             ... invoked by an orc priest
              (12 damage)
             ... on level 3 of the Dungeon.
             The game lasted 00:00:41 (1754 turns).

qw the Shooter (Minotaur Hexslinger)                Turns: 1754, Time: 00:00:42

Health: -7/42      AC:  7    Str: 13    XL:     5   Next: 5%
Magic:  5/5        EV: 11    Int: 10    God:
Gold:   146        SH:  0    Dex: 14    Spells: 5/6 levels left

rFire   . . .        Y - +1 sling
rCold   . . .        (no shield)
rNeg    . . .        e - +0 ring mail
rPois   .            (helmet restricted)
rElec   .            (no cloak)
rCorr   .            i - +0 pair of gloves
SInv    .            b - +0 pair of boots
Will    .....        c - amulet of faith
Stlth   +            (no ring)
HPRegen 0.27/turn    (no ring)
MPRegen 0.09/turn

%: faith
@: no status effects
A: horns 2, retaliatory headbutt
a: no special abilities


You were on level 3 of the Dungeon.
You visited 1 branch of the dungeon, and saw 3 of its levels.

You collected 146 gold pieces.


Innate Abilities, Weirdness & Mutations

You have a pair of horns on your head.
You reflexively headbutt those who attack you in melee.


   Skills:
 + Level 2.7 Fighting
 - Level 5.0 Ranged Weapons
 - Level 1.4 Armour
 - Level 2.1 Dodging
 - Level 1.0 Spellcasting
 - Level 2.0 Hexes


You had 5 spell levels left.
You knew the following spells:

 Your Spells              Type           Power      Damage    Failure   Level
a - Slow                  Hex            16%        N/A       32%         1

Your spell library contained the following spells:

 Spells                   Type           Power      Damage    Failure   Level
 Inner Flame              Hex/Fire       2%         N/A       82%         3
 Portal Projectile        Hex/Tloc       4%         N/A       82%         3
 Cause Fear               Hex            2%         N/A       97%         4

Inventory:

Hand Weapons
 Y - a +1 sling (weapon)
Armour
 b - a +0 pair of boots (worn)
 e - a +0 ring mail (worn)
 i - a +0 pair of gloves (worn)
Jewellery
 c - an amulet of faith (around neck)
Potions
 a - 2 potions of curing
 d - a potion of cancellation {unknown}
 f - a potion of ambrosia {unknown}
 g - a potion of attraction {unknown}

Dungeon Overview and Level Annotations

Branches:
Dungeon (3/15)

Altars:


Message History

The sling bullet barely misses the adder.
The adder barely misses you. You furiously retaliate!
You headbutt the adder. The adder bites you.
You are poisoned.
The adder poisons you! The adder barely misses you. You furiously retaliate!
You headbutt the adder!
You kill the adder!
The adder bites you but does no damage.
You shoot a sling bullet. The sling bullet hits the adder.
You kill the adder!
You feel sick. The bat hits you but does no damage. The bat closely misses you.
The orc closely misses you.
You have reached level 5!
You shoot a sling bullet. The sling bullet hits the bat!
You kill the bat!
You feel sick. The orc misses you.
You shoot a sling bullet.
The sling bullet barely misses the orc priest.
The sling bullet hits the orc.
The orc is almost dead.
You feel sick. The orc priest misses you. You furiously retaliate!
You headbutt the orc priest. The orc hits you but does no damage.
An orc comes into view. It is wielding a +0 dagger.
You shoot a sling bullet.
The sling bullet hits the orc priest but does no damage.
The orc priest is severely wounded.
You feel sick.
You are no longer poisoned.
The orc priest hits you with a +0 whip.
You shoot a sling bullet. The sling bullet hits the orc.
You kill the orc!
The orc hits you but does no damage. The orc priest closely misses you.
The orc priest mumbles some strange prayers to Beogh against you.
Beogh smites you! The orc hits you with a +0 club.
You shoot a sling bullet. The sling bullet hits the orc priest.
The orc priest is almost dead.
The orc hits you but does no damage.
The orc priest mumbles some strange prayers to Beogh against you.
Beogh smites you!
You die...

######.......~~~...#....#.#
#.o.###..~..#........##
##.## ##...##.#####...# ..#
##.##.## #...# ##.. #..#.#
#...# ... ##...# ##### .#
##.## ..#####.# #.....o@#
######oo# #..# #... ##.#
#.# #.# #.#


You could see an orc priest and 2 orcs.

Vanquished Creatures
  An orc wizard (D:3)
  7 adders
  2 dart slugs
  5 orcs (D:3)
  2 ball pythons
  2 endoplasms (D:1)
  2 giant cockroaches
  4 goblins
  5 hobgoblins
  4 quokkas
  3 bats
  2 frilled lizards
  5 kobolds
  6 rats
50 creatures vanquished.

Notes
Turn   | Place    | Note
-------+----------+-------------------------------------------
     0 | D:1      | qw the Minotaur Hexslinger began the quest for the Orb.
     0 | D:1      | Reached XP level 1. HP: 16/16 MP: 1/1
     0 | D:1      | 0 ||| qw: Version: 0.3-a-52-g30416fa
     0 | D:1      | 0 ||| qw: Game counter: 4533
     0 | D:1      | 0 ||| qw: Melee chars always use a shield: true
     0 | D:1      | 0 ||| qw: God list: Okawaru
     0 | D:1      | 0 ||| qw: Allow faded altars: false
     0 | D:1      | 0 ||| qw: Do Orc after clearing Dungeon:15 true
     0 | D:1      | 0 ||| qw: Do second Lair branch before Depths: true
     0 | D:1      | 0 ||| qw: Lair rune preference: random
     0 | D:1      | 0 ||| qw: Goals: Normal
     0 | D:1      | 0 ||| PLANNING D:1-11
   242 | D:1      | Reached skill level 3 in Ranged Weapons
   242 | D:1      | Reached XP level 2. HP: 23/23 MP: 2/2
   325 | D:1      | 325 ||| FLEEEEING.
   326 | D:1      | 326 ||| FLEEEEING.
   327 | D:1      | 327 ||| FLEEEEING.
   328 | D:1      | 328 ||| FLEEEEING.
   711 | D:1      | 711 ||| UPGRADING to +0 ring mail.
   721 | D:1      | 721 ||| DROPPING +0 robe.
   722 | D:1      | 722 ||| READING scroll labelled JAGOABBUNAR.
   727 | D:1      | 727 ||| READING scroll labelled KURUNU BATEZ.
   728 | D:1      | 728 ||| DROPPING scroll of poison.
   748 | D:2      | Reached XP level 3. HP: 19/29 MP: 3/3
   753 | D:2      | 753 ||| FLEEEEING.
   754 | D:2      | 754 ||| STAIRDANCE
   841 | D:2      | Reached skill level 4 in Ranged Weapons
  1068 | D:2      | Reached skill level 1 in Armour
  1107 | D:2      | Reached XP level 4. HP: 16/36 MP: 4/4
  1559 | D:2      | 1559 ||| UPGRADING to +0 pair of gloves.
  1564 | D:2      | 1564 ||| READING 2 scrolls labelled QUOGAE WIOTOUD.
  1565 | D:2      | 1565 ||| READING scroll labelled WUECRO EBUGURGH.
  1566 | D:2      | 1566 ||| READING scroll labelled LIAGAIN SENWOS.
  1567 | D:2      | 1567 ||| DRINKING 3 smoky white potions.
  1568 | D:2      | 1568 ||| DROPPING scroll of vulnerability.
  1653 | D:3      | Reached skill level 5 in Ranged Weapons
  1670 | D:3      | 1670 ||| FLEEEEING.
  1672 | D:3      | 1672 ||| FLEEEEING.
  1673 | D:3      | 1673 ||| FLEEEEING.
  1674 | D:3      | 1674 ||| FLEEEEING.
  1678 | D:3      | 1678 ||| FLEEEEING.
  1679 | D:3      | 1679 ||| FLEEEEING.
  1680 | D:3      | 1680 ||| FLEEEEING.
  1681 | D:3      | 1681 ||| FLEEEEING.
  1682 | D:3      | 1682 ||| FLEEEEING.
  1683 | D:3      | 1683 ||| STAIRDANCE
  1708 | D:2      | 1708 ||| UPGRADING to +0 pair of boots.
  1713 | D:2      | 1713 ||| UPGRADING to amulet of faith.
  1750 | D:3      | Reached XP level 5. HP: 30/42 MP: 5/5
  1753 | D:3      | HP: 7/42 [orc priest/divine providence (15)]
  1754 | D:3      | Killed from afar by an orc priest

Levels and vault maps discovered:
D:1:      saegor_arrival_fortress, layout_basic, minmay_tetromino_t4
D:2:      cheibrodos_helix_gallery, layout_rooms
D:3:      layout_rooms, mainiacjoe_overflow_concentric_impassable,
          amcnicky_mini_pool_small, kennysheep_generic_room_6

Skill      XL: |  1  2  3  4 |
---------------+-------------+-----
Ranged Weapons | 3 4 5 |  5.0
Fighting       | 2 |  2.7
Armour         | 1 |  1.4
Dodging        | |  2.1
Spellcasting   | |  1.0
Hexes          | |  2.0

Action                     |  1- 3 |  4- 6 || total
---------------------------+-------+-------++-------
   Fire: Sling             |    93 |    51 ||   144
    Use: Scroll            |     2 |     3 ||     5
         Potion            |       |     1 ||     1
 Armour: Robe              |     2 |       ||     2
         Ring mail         |    10 |    17 ||    27
  Dodge: Dodged            |    33 |    17 ||    50

Table legend:
 A = Non-vault XP
 B = Vault XP
 C = Vault XP percentage of total XP
 D = Non-vault monster count
 E = Vault monster count
 F = Vault count percentage of total count
                 A         B        C        D         E       F
            +---------+---------+-------+---------+---------+-------
      Total |     199 |       8 |   3.9 |      45 |       5 |  10.0
            +---------+---------+-------+---------+---------+-------
        D:1 |      31 |       4 |  11.4 |      18 |       3 |  14.3
        D:2 |      73 |       4 |   5.2 |      15 |       2 |  11.8
        D:3 |      95 |       0 |   0.0 |      12 |       0 |   0.0
            +---------+---------+-------+---------+---------+-------
